Canadiens vs Lightning
(R1)
Created - March 8, 2018 at 19:06
Goals
|
| Canadiens |
0 |
2 |
0 |
2 |
| Lightning |
0 |
0 |
1 |
1 |
|
Shots
|
| Canadiens |
4 |
5 |
3 |
12 |
| Lightning |
3 |
11 |
4 |
18 |
|
1st period
No Goal
Penalties :
Sidney Crosby (Mon) for Spearing (Major / Game Misconduct) at 0:56, Karl Alzner (Mon) for Hooking (Minor) at 14:14, Marcel Goc (Mon) for Hooking (Minor) at 16:29, Sheldon Keefe (TB.) for Roughing (Minor) at 18:54, Mikael Backlund (TB.) for Hooking (Minor) at 19:16
2nd period
1. Canadiens , Patrick Sharp 17 (Luke Schenn 22, Vitaly Vishnevsky 15) at 10:45
2. Canadiens , Patrick Sharp 18 (Vitaly Vishnevsky 16) at 18:20
Penalties :
Danny Richmond (TB.) for Hooking (Minor) at 1:06, Daniel Carcillo (TB.) for Interference (Minor) at 3:39, Patrick Sharp (Mon) for Holding (Minor) at 11:07, Patrick Sharp (Mon) for Holding (Minor) at 14:34, Pierre-Luc Létourneau (TB.) for Tripping (Minor) at 16:41, Dennis Wideman (Mon) for Hooking (Minor) at 18:11
3rd period
3. Lightning , Kris Versteeg 24 (Henrik Zetterberg 53) at 13:04 (PP)
Penalties :
Brett Maclean (Mon) for Holding (Minor) at 1:51, Karl Alzner (Mon) for Holding Stick (Minor) at 13:00, Luke Schenn (Mon) for Roughing (Double Minor) at 13:25, Joe Pavelski (Mon) for Holding Stick (Minor) at 19:38
Goalie Stats
Jonathan Bernier (Mon), 17 saves from 18 shots - (0.944), W, 28-20-2, 60:00 minutes
Jaroslav Halak (TB.), 10 saves from 12 shots - (0.833), L, 23-23-7, 59:34 minutes
Players Stats for Canadiens
Player Name G A P +/- PIM S H SB GA TA FO MP PP MP PK MP
------------------------------------------------------------------------------------
Adam Pardy 0 0 0 0 0 0 0 0 0 0 0/0 16:41 0:00 8:18
Brett Maclean 0 0 0 0 2 0 2 0 0 0 0/0 6:23 0:00 0:00
David Jones 0 0 0 0 0 1 2 0 0 0 0/0 15:36 0:19 6:29
Dennis Wideman 0 0 0 0 2 0 0 1 0 1 0/0 16:49 3:18 2:12
Dustin Boyd 0 0 0 0 0 1 1 2 1 0 8/20 20:29 1:37 9:57
Evgeny Dadonov 0 0 0 2 0 1 1 0 0 0 3/5 15:18 4:20 0:00
Greg Stewart 0 0 0 0 0 0 2 0 0 1 0/0 14:20 3:01 3:38
Jason Spezza 0 0 0 0 0 1 1 0 0 0 3/5 17:41 3:01 7:10
Jiri Tlusty 0 0 0 0 0 0 0 0 0 0 0/0 6:02 0:00 0:00
Joe Pavelski 0 0 0 0 2 1 1 2 1 0 1/1 21:38 3:01 10:01
Karl Alzner 0 0 0 0 4 1 0 0 0 1 0/0 20:44 3:19 6:40
Ladislav Nagy 0 0 0 0 0 0 0 0 0 0 0/0 6:15 0:00 0:08
Luke Schenn 0 1 1 2 4 1 1 2 0 1 0/0 26:17 4:21 9:09
Marcel Goc 0 0 0 1 2 1 1 0 0 0 3/12 13:52 3:21 0:33
Patrick Sharp 2 0 2 2 4 4 1 0 0 0 0/0 19:37 4:20 3:40
Sidney Crosby 0 0 0 0 15 0 0 0 0 0 2/2 0:56 0:00 0:00
Vitaly Vishnevsky 0 2 2 2 0 0 0 2 0 1 0/0 18:36 4:21 3:23
Wes O'Neill 0 0 0 0 0 0 3 0 0 0 0/0 21:19 0:00 11:54
Players Stats for Lightning
Player Name G A P +/- PIM S H SB GA TA FO MP PP MP PK MP
------------------------------------------------------------------------------------
Andy Rogers 0 0 0 0 0 0 0 0 1 0 0/0 11:45 1:33 0:00
Brent Burns 0 0 0 -1 0 1 2 0 0 1 0/0 27:32 11:33 5:06
Daniel Carcillo 0 0 0 0 2 3 1 0 1 0 0/0 16:59 8:20 0:25
Danny Richmond 0 0 0 -1 2 1 1 0 0 0 0/0 18:44 7:42 1:45
Davis Drewiske 0 0 0 0 0 0 0 0 0 0 0/0 4:13 1:33 0:24
Henrik Zetterberg 0 1 1 -2 0 2 2 0 2 0 9/13 25:51 10:02 4:38
Jeff Schultz 0 0 0 -1 0 0 1 0 0 1 0/0 28:18 11:33 5:06
John Carlson 0 0 0 -1 0 2 1 2 1 0 0/0 19:33 7:42 2:34
Jordan Nolan 0 0 0 0 0 0 0 0 0 0 2/2 10:06 1:57 0:00
Justin Schultz 0 0 0 0 0 0 0 0 0 0 0/0 10:10 0:00 0:24
Kris Versteeg 1 0 1 -2 0 3 1 0 0 0 2/2 23:47 10:09 3:28
Mikael Backlund 0 0 0 0 2 0 1 0 0 0 0/2 8:21 0:00 0:54
Pierre-Luc Létourneau 0 0 0 0 2 0 0 0 0 0 0/0 9:59 1:22 0:16
Pierre-Marc Bouchard 0 0 0 0 0 3 2 0 0 0 3/4 18:14 8:23 1:55
Robert Nilsson 0 0 0 -1 0 1 4 1 0 0 8/21 21:22 10:09 1:55
Ryan Shannon 0 0 0 0 0 0 1 0 0 0 0/0 8:16 1:52 0:00
Sheldon Keefe 0 0 0 0 2 2 1 0 0 0 1/1 10:31 1:47 0:02
Steve Bernier 0 0 0 0 0 0 0 0 0 0 0/0 16:19 8:23 0:00
3 Stars
1 - Patrick Sharp (Mon)
2 - Vitaly Vishnevsky (Mon)
3 - Jonathan Bernier (Mon)
Power Play
Canadiens - 0 on 5 Attempt(s) - 0.00%
Lightning - 1 on 11 Attempt(s) - 9.09%
Penalty Kill
Canadiens - 10 on 11 Attempt(s) - 90.91%
- Score 0 goal in Penalty Kill
Lightning - 5 on 5 Attempt(s) - 100.00%
- Score 0 goal in Penalty Kill
Team Stat
Canadiens - Hits : 16 - Faceoff Wins : 20 - Blocked Shots : 9 - Penalty Minutes : 35
Lightning - Hits : 18 - Faceoff Wins : 25 - Blocked Shots : 3 - Penalty Minutes : 10
Official
Referees : Watson Brad and Kowal Tom
Linesman : Dan Schachte and David Brisebois
Game Notes
Sidney Crosby ejected from game at 0:56 of 1st period
Luke Schenn is injured at 18:57 of 3rd period (Right Knee)
Finance
Level 1 -- Attendance: 3804 (63.40%) -- Ticket Income $437,460
Level 2 -- Attendance: 3851 (77.02%) -- Ticket Income $246,464
Level 3 -- Attendance: 1242 (62.10%) -- Ticket Income $54,648
Level 4 -- Attendance: 2244 (56.10%) -- Ticket Income $89,760
Luxury Box -- Attendance: 598 (59.80%) -- Ticket Income $128,570
Game was played at the Tampa Bay Stadium.
Total Attendance: 11739 (65.22%)
Total Ticket Income: $956,902
Other Income: $143,535
Total Income: $1,100,437
Canadiens
5 vs 5 Forward
Center Left Wing Right Wing Time % Phy DF OF
1 Sidney Crosby Patrick Sharp Evgeny Dadonov 40 1 2 2
2 Jason Spezza Greg Stewart Joe Pavelski 30 1 2 2
3 Dustin Boyd Brett Maclean David Jones 20 1 2 2
4 Marcel Goc Ladislav Nagy Jiri Tlusty 10 1 2 2
5 vs 5 Defense
Defense Defense Time % Phy DF OF
1 Luke Schenn Vitaly Vishnevsky 40 1 2 2
2 Dennis Wideman Karl Alzner 30 1 2 2
3 Wes O'Neill Adam Pardy 20 1 2 2
4 Luke Schenn Vitaly Vishnevsky 10 1 2 2
PowerPlay Forward
Center Left Wing Right Wing Time % Phy DF OF
1 Sidney Crosby Patrick Sharp Evgeny Dadonov 60 1 2 2
2 Jason Spezza Greg Stewart Joe Pavelski 40 1 2 2
PowerPlay Defense
Defense Defense Time % Phy DF OF
1 Luke Schenn Vitaly Vishnevsky 60 1 2 2
2 Dennis Wideman Karl Alzner 40 1 2 2
Penalty Kill 4 Players Forward
Center Wing Time % Phy DF OF
1 Dustin Boyd Joe Pavelski 60 1 2 2
2 Jason Spezza David Jones 40 1 2 2
Penalty Kill 4 Players Defense
Defense Defense Time % Phy DF OF
1 Luke Schenn Wes O'Neill 60 1 2 2
2 Adam Pardy Karl Alzner 40 1 2 2
Penalty Kill - 3 Players Forward
Forward Time % Phy DF OF
1 Sidney Crosby 60 1 2 2
2 Jason Spezza 40 1 2 2
Penalty Kill - 3 Players Defense
Defense Defense Time % Phy DF OF
1 Luke Schenn Wes O'Neill 60 1 2 2
2 Adam Pardy Karl Alzner 40 1 2 2
4 vs 4 Forward
Center Wing Time % Phy DF OF
1 Sidney Crosby Patrick Sharp 60 1 2 2
2 Jason Spezza Joe Pavelski 40 1 2 2
4 vs 4 Defense
Defense Defense Time % Phy DF OF
1 Luke Schenn Vitaly Vishnevsky 60 1 2 2
2 Dennis Wideman Karl Alzner 40 1 2 2
Last Minutes Offensive
Center Left Wing Right Wing Defense Defense
Sidney Crosby Patrick Sharp Joe Pavelski Luke Schenn Dennis Wideman
Last Minutes Defensive
Center Left Wing Right Wing Defense Defense
Sidney Crosby Patrick Sharp Joe Pavelski Luke Schenn Dennis Wideman
Goaltenders
Starting : Jonathan Bernier
Backup : Mikael Tellqvist
Extra Forwards
Normal : Evgeny Dadonov, Marcel Goc, David Jones - PP : Marcel Goc, Dustin Boyd - PK : Patrick Sharp
Extra Defensemen
Normal : Wes O'Neill, Adam Pardy, Vitaly Vishnevsky - PP : Wes O'Neill - PK : Adam Pardy, Vitaly Vishnevsky
Penalty Shots
Sidney Crosby, Jason Spezza, Joe Pavelski, Patrick Sharp, Greg Stewart
Scratches
Andrew Ebbett (Healthy)
Lightning
5 vs 5 Forward
Center Left Wing Right Wing Time % Phy DF OF
1 Robert Nilsson Henrik Zetterberg Kris Versteeg 40 1 2 2
2 Pierre-Marc Bouchard Daniel Carcillo Steve Bernier 30 1 2 2
3 Jordan Nolan Pierre-Luc Létourneau Sheldon Keefe 20 1 2 2
4 Mikael Backlund Henrik Zetterberg Ryan Shannon 10 1 2 2
5 vs 5 Defense
Defense Defense Time % Phy DF OF
1 Jeff Schultz Brent Burns 40 1 2 2
2 John Carlson Danny Richmond 30 1 2 2
3 Andy Rogers Justin Schultz 20 1 2 2
4 Davis Drewiske Jeff Schultz 10 1 2 2
PowerPlay Forward
Center Left Wing Right Wing Time % Phy DF OF
1 Robert Nilsson Henrik Zetterberg Kris Versteeg 60 1 2 2
2 Pierre-Marc Bouchard Daniel Carcillo Steve Bernier 40 1 2 2
PowerPlay Defense
Defense Defense Time % Phy DF OF
1 Jeff Schultz Brent Burns 60 1 2 2
2 John Carlson Danny Richmond 40 1 2 2
Penalty Kill 4 Players Forward
Center Wing Time % Phy DF OF
1 Henrik Zetterberg Kris Versteeg 60 1 2 2
2 Robert Nilsson Pierre-Marc Bouchard 40 1 2 2
Penalty Kill 4 Players Defense
Defense Defense Time % Phy DF OF
1 Jeff Schultz Brent Burns 60 1 2 2
2 John Carlson Danny Richmond 40 1 2 2
Penalty Kill - 3 Players Forward
Forward Time % Phy DF OF
1 Henrik Zetterberg 60 1 2 2
2 Kris Versteeg 40 1 2 2
Penalty Kill - 3 Players Defense
Defense Defense Time % Phy DF OF
1 Jeff Schultz Brent Burns 60 1 2 2
2 John Carlson Danny Richmond 40 1 2 2
4 vs 4 Forward
Center Wing Time % Phy DF OF
1 Henrik Zetterberg Kris Versteeg 60 1 2 2
2 Robert Nilsson Pierre-Marc Bouchard 40 1 2 2
4 vs 4 Defense
Defense Defense Time % Phy DF OF
1 Jeff Schultz Brent Burns 60 1 2 2
2 John Carlson Danny Richmond 40 1 2 2
Last Minutes Offensive
Center Left Wing Right Wing Defense Defense
Robert Nilsson Henrik Zetterberg Kris Versteeg Jeff Schultz Brent Burns
Last Minutes Defensive
Center Left Wing Right Wing Defense Defense
Robert Nilsson Henrik Zetterberg Kris Versteeg Jeff Schultz Brent Burns
Goaltenders
Starting : Jaroslav Halak
Backup : Adam Munro
Extra Forwards
Normal : Jordan Nolan, Sheldon Keefe, Mikael Backlund - PP : Jordan Nolan, Sheldon Keefe - PK : Mikael Backlund
Extra Defensemen
Normal : Andy Rogers, Justin Schultz, Davis Drewiske - PP : Andy Rogers - PK : Justin Schultz, Davis Drewiske
Penalty Shots
Henrik Zetterberg, Kris Versteeg, Robert Nilsson, Pierre-Marc Bouchard, Jordan Nolan
Scratches
Reilly Smith (Suspend), Loui Eriksson (Sports Hernia Injury)
% Time on Ice - Canadiens
Lines # - Real PCT - Wanted PCT - Time Play
Normal Forward
1 - 40% - 40% - 11:58
2 - 22% - 30% - 6:42
3 - 18% - 20% - 5:35
4 - 20% - 10% - 5:57
Normal Defense
1 - 48% - 40% - 14:36
2 - 30% - 30% - 9:07
3 - 21% - 20% - 6:29
4 - 0% - 10% - 0:00
PP Forward
1 - 61% - 60% - 4:39
2 - 39% - 40% - 3:01
PP Defense
1 - 57% - 60% - 4:21
2 - 43% - 40% - 3:19
PK Forward
1 - 68% - 60% - 14:05
2 - 32% - 40% - 6:43
PK Defense
1 - 68% - 60% - 14:10
2 - 32% - 40% - 6:38
PK3 Forward
1 - 0% - 60%
2 - 0% - 40%
PK3 Defense
1 - 0% - 60%
2 - 0% - 40%
44 Forward
1 - 100% - 60% - 0:29
2 - 0% - 40% - 0:00
44 Defense
1 - 100% - 60% - 0:29
2 - 0% - 40% - 0:00
Last Minute Offensive - 0:00
Last Minute Defensive - 0:51
Total
Forward - 60:00
Defense - 60:00
|
% Time on Ice - Lightning
Lines # - Real PCT - Wanted PCT - Time Play
Normal Forward
1 - 29% - 40% - 8:37
2 - 29% - 30% - 8:50
3 - 23% - 20% - 7:02
4 - 19% - 10% - 5:40
Normal Defense
1 - 32% - 40% - 9:38
2 - 30% - 30% - 9:04
3 - 32% - 20% - 9:35
4 - 6% - 10% - 1:52
PP Forward
1 - 57% - 60% - 11:55
2 - 43% - 40% - 8:53
PP Defense
1 - 63% - 60% - 13:06
2 - 37% - 40% - 7:42
PK Forward
1 - 67% - 60% - 3:57
2 - 33% - 40% - 1:57
PK Defense
1 - 61% - 60% - 3:35
2 - 39% - 40% - 2:19
PK3 Forward
1 - 88% - 60% - 1:33
2 - 12% - 40% - 0:13
PK3 Defense
1 - 86% - 60% - 1:31
2 - 14% - 40% - 0:15
44 Forward
1 - 100% - 60% - 0:29
2 - 0% - 40% - 0:00
44 Defense
1 - 100% - 60% - 0:29
2 - 0% - 40% - 0:00
Last Minute Offensive - 0:54
Last Minute Defensive - 0:00
Total
Forward - 60:00
Defense - 60:00
|
Play by Play
1st period
0:01 of 1st period - Sidney Crosby wins face-off versus Robert Nilsson in neutral zone.
0:09 of 1st period - Off-side.
0:10 of 1st period - Sidney Crosby wins face-off versus Robert Nilsson in neutral zone.
0:19 of 1st period - Wrist shot by Patrick Sharp.
0:19 of 1st period - Shot Blocked by Robert Nilsson.
0:27 of 1st period - Snap shot by Henrik Zetterberg.
0:27 of 1st period - Shot Misses the Net.
0:29 of 1st period - Slapshot by Robert Nilsson.
0:29 of 1st period - Shot Misses the Net.
0:51 of 1st period - Wrist shot by Henrik Zetterberg.
0:51 of 1st period - Shot Misses the Net.
0:56 of 1st period - Major / Game Misconduct Penalty to Sidney Crosby for Spearing.
0:56 of 1st period - Sidney Crosby is ejected from game.
0:57 of 1st period - Pierre-Marc Bouchard wins face-off versus Dustin Boyd in Canadiens zone.
0:59 of 1st period - Wrist shot by Pierre-Marc Bouchard.
0:59 of 1st period - Shot Misses the Net.
1:01 of 1st period - Wrist shot by Steve Bernier.
1:01 of 1st period - Shot Misses the Net.
1:03 of 1st period - Snap shot by Steve Bernier.
1:03 of 1st period - Shot Misses the Net.
2:46 of 1st period - Wes O'Neill is hit by John Carlson.
5:33 of 1st period - Danny Richmond is hit by David Jones and loses puck.
5:56 of 1st period - Penalty to Sidney Crosby is over, David Jones is send on ice.
6:09 of 1st period - Slapshot by Marcel Goc.
6:09 of 1st period - Stopped by Jaroslav Halak with a rebound.
7:22 of 1st period - Dennis Wideman is hit by Robert Nilsson and loses puck.
7:55 of 1st period - Evgeny Dadonov is hit by Sheldon Keefe and loses puck.
8:39 of 1st period - Pierre-Marc Bouchard is hit by Greg Stewart and loses puck.
12:58 of 1st period - Evgeny Dadonov is hit by Danny Richmond and loses puck.
13:32 of 1st period - Icing by Joe Pavelski.
13:33 of 1st period - Jason Spezza wins face-off versus Robert Nilsson in Canadiens zone.
13:38 of 1st period - Slapshot by Dennis Wideman.
13:38 of 1st period - Shot Misses the Net.
14:06 of 1st period - Wrist shot by Jordan Nolan.
14:06 of 1st period - Shot Misses the Net.
14:08 of 1st period - Slapshot by Andy Rogers.
14:08 of 1st period - Shot Blocked by Dennis Wideman.
14:14 of 1st period - Minor Penalty to Karl Alzner for Hooking.
14:15 of 1st period - Dustin Boyd wins face-off versus Robert Nilsson in Canadiens zone.
14:42 of 1st period - Jason Spezza is hit by Brent Burns and loses puck.
14:51 of 1st period - Snap shot by Daniel Carcillo.
14:51 of 1st period - Stopped by Jonathan Bernier with a rebound.
15:05 of 1st period - Slapshot by Luke Schenn.
15:05 of 1st period - Deflect By Henrik Zetterberg.
15:05 of 1st period - Stopped by Jaroslav Halak without a rebound.
15:06 of 1st period - Dustin Boyd wins face-off versus Henrik Zetterberg in Lightning zone.
15:13 of 1st period - Wrist shot by Dustin Boyd.
15:13 of 1st period - Stopped by Jaroslav Halak with a rebound.
15:33 of 1st period - Wrist shot by Pierre-Marc Bouchard.
15:33 of 1st period - Stopped by Jonathan Bernier without a rebound.
15:34 of 1st period - Pierre-Marc Bouchard wins face-off versus Dustin Boyd in Canadiens zone.
15:39 of 1st period - Slapshot by Daniel Carcillo.
15:39 of 1st period - Stopped by Jonathan Bernier without a rebound.
15:40 of 1st period - Dustin Boyd wins face-off versus Robert Nilsson in Canadiens zone.
16:01 of 1st period - Snap shot by Pierre-Marc Bouchard.
16:01 of 1st period - Shot Misses the Net.
16:03 of 1st period - Slapshot by Daniel Carcillo.
16:03 of 1st period - Shot Misses the Net.
16:05 of 1st period - Snap shot by Daniel Carcillo.
16:05 of 1st period - Shot Misses the Net.
16:07 of 1st period - Snap shot by Steve Bernier.
16:07 of 1st period - Shot Misses the Net.
16:14 of 1st period - Penalty to Karl Alzner is over, Karl Alzner is back on ice.
16:29 of 1st period - Minor Penalty to Marcel Goc for Hooking.
16:30 of 1st period - Joe Pavelski wins face-off versus Robert Nilsson in Canadiens zone.
18:29 of 1st period - Penalty to Marcel Goc is over, Marcel Goc is back on ice.
18:54 of 1st period - Minor Penalty to Sheldon Keefe for Roughing.
18:55 of 1st period - Marcel Goc wins face-off versus Henrik Zetterberg in Lightning zone.
19:10 of 1st period - Slapshot by Karl Alzner.
19:10 of 1st period - Stopped by Jaroslav Halak with a rebound.
19:16 of 1st period - Minor Penalty to Mikael Backlund for Hooking.
19:17 of 1st period - Henrik Zetterberg wins face-off versus Marcel Goc in Lightning zone.
Goals for this period are 0 for Canadiens vs 0 for Lightning .
Shots for this period are 4 for Canadiens vs 3 for Lightning .
2nd period
0:01 of 2nd period - Henrik Zetterberg wins face-off versus Marcel Goc in neutral zone.
0:14 of 2nd period - Jeff Schultz is hit by Patrick Sharp and loses puck.
0:54 of 2nd period - Penalty to Sheldon Keefe is over, Sheldon Keefe is back on ice.
0:55 of 2nd period - Snap shot by Kris Versteeg.
0:55 of 2nd period - Stopped by Jonathan Bernier without a rebound.
0:56 of 2nd period - Henrik Zetterberg wins face-off versus Jason Spezza in Canadiens zone.
1:06 of 2nd period - Minor Penalty to Danny Richmond for Hooking.
1:07 of 2nd period - Henrik Zetterberg wins face-off versus Marcel Goc in Lightning zone.
1:07 of 2nd period - Henrik Zetterberg is hit by Marcel Goc.
1:16 of 2nd period - Penalty to Mikael Backlund is over, Mikael Backlund is back on ice.
1:24 of 2nd period - Snap shot by Patrick Sharp.
1:24 of 2nd period - Stopped by Jaroslav Halak without a rebound.
1:25 of 2nd period - Marcel Goc wins face-off versus Henrik Zetterberg in Lightning zone.
3:06 of 2nd period - Penalty to Danny Richmond is over, Danny Richmond is back on ice.
3:08 of 2nd period - Wrist shot by Brent Burns.
3:08 of 2nd period - Shot Misses the Net.
3:10 of 2nd period - Snap shot by Henrik Zetterberg.
3:10 of 2nd period - Shot Misses the Net.
3:12 of 2nd period - Snap shot by Henrik Zetterberg.
3:12 of 2nd period - Shot Blocked by Vitaly Vishnevsky.
3:14 of 2nd period - Snap shot by John Carlson.
3:14 of 2nd period - Stopped by Jonathan Bernier with a rebound.
3:16 of 2nd period - Wrist shot by Danny Richmond.
3:16 of 2nd period - Stopped by Jonathan Bernier without a rebound.
3:17 of 2nd period - Dustin Boyd wins face-off versus Pierre-Marc Bouchard in Canadiens zone.
3:17 of 2nd period - Karl Alzner is hit by Pierre-Marc Bouchard and loses puck.
3:39 of 2nd period - Minor Penalty to Daniel Carcillo for Interference.
3:40 of 2nd period - Henrik Zetterberg wins face-off versus Marcel Goc in Lightning zone.
3:57 of 2nd period - Wrist shot by Patrick Sharp.
3:57 of 2nd period - Shot Misses the Net.
4:15 of 2nd period - Wrist shot by Evgeny Dadonov.
4:15 of 2nd period - Shot Misses the Net.
5:27 of 2nd period - Marcel Goc is hit by Robert Nilsson.
5:31 of 2nd period - Pierre-Marc Bouchard is hit by Dustin Boyd and loses puck.
5:39 of 2nd period - Penalty to Daniel Carcillo is over, Daniel Carcillo is back on ice.
6:19 of 2nd period - Vitaly Vishnevsky is hit by Henrik Zetterberg.
6:57 of 2nd period - Snap shot by Pierre-Marc Bouchard.
6:57 of 2nd period - Stopped by Jonathan Bernier with a rebound.
7:55 of 2nd period - Ryan Shannon is hit by Wes O'Neill and loses puck.
8:15 of 2nd period - Icing by Jeff Schultz.
8:16 of 2nd period - Dustin Boyd wins face-off versus Mikael Backlund in Lightning zone.
8:25 of 2nd period - Ryan Shannon is hit by Greg Stewart and loses puck.
8:38 of 2nd period - Pierre-Marc Bouchard is hit by Wes O'Neill and loses puck.
9:41 of 2nd period - John Carlson is hit by Wes O'Neill and loses puck.
10:23 of 2nd period - Snap shot by Jason Spezza.
10:23 of 2nd period - Stopped by Jaroslav Halak without a rebound.
10:24 of 2nd period - Jordan Nolan wins face-off versus Jason Spezza in Lightning zone.
10:35 of 2nd period - Slapshot by John Carlson.
10:35 of 2nd period - Stopped by Jonathan Bernier without a rebound.
10:36 of 2nd period - Robert Nilsson wins face-off versus Marcel Goc in Canadiens zone.
10:37 of 2nd period - Slapshot by Henrik Zetterberg.
10:37 of 2nd period - Shot Misses the Net.
10:45 of 2nd period - Slapshot by Patrick Sharp.
10:45 of 2nd period - Goal by Patrick Sharp - Canadiens : 1 - Lightning : 0.
10:46 of 2nd period - Robert Nilsson wins face-off versus Marcel Goc in neutral zone.
10:50 of 2nd period - Slapshot by Jeff Schultz.
10:50 of 2nd period - Deflect By Kris Versteeg.
10:50 of 2nd period - Shot Blocked by Vitaly Vishnevsky.
10:50 of 2nd period - Puck is out of play.
10:51 of 2nd period - Kris Versteeg wins face-off versus Marcel Goc in Canadiens zone.
11:07 of 2nd period - Minor Penalty to Patrick Sharp for Holding.
11:08 of 2nd period - Robert Nilsson wins face-off versus Dustin Boyd in Canadiens zone.
11:08 of 2nd period - Slapshot by Kris Versteeg.
11:08 of 2nd period - Shot Blocked by Dustin Boyd.
11:10 of 2nd period - Slapshot by Jeff Schultz.
11:10 of 2nd period - Deflect By Robert Nilsson.
11:10 of 2nd period - Stopped by Jonathan Bernier with a rebound.
11:12 of 2nd period - Snap shot by Robert Nilsson.
11:12 of 2nd period - Deflect By Kris Versteeg.
11:12 of 2nd period - Shot Blocked by Luke Schenn.
11:12 of 2nd period - Puck is out of play.
11:13 of 2nd period - Robert Nilsson wins face-off versus Dustin Boyd in Canadiens zone.
11:53 of 2nd period - Off-side.
11:54 of 2nd period - Pierre-Marc Bouchard wins face-off versus Dustin Boyd in neutral zone.
11:57 of 2nd period - Snap shot by John Carlson.
11:57 of 2nd period - Shot Blocked by Dustin Boyd.
11:59 of 2nd period - Slapshot by Danny Richmond.
11:59 of 2nd period - Shot Blocked by Luke Schenn.
12:01 of 2nd period - Wrist shot by Daniel Carcillo.
12:01 of 2nd period - Stopped by Jonathan Bernier with a rebound.
12:09 of 2nd period - Snap shot by Pierre-Marc Bouchard.
12:09 of 2nd period - Stopped by Jonathan Bernier with a rebound.
13:07 of 2nd period - Penalty to Patrick Sharp is over, Patrick Sharp is back on ice.
13:17 of 2nd period - Icing by Patrick Sharp.
13:18 of 2nd period - Sheldon Keefe wins face-off versus Dustin Boyd in Canadiens zone.
13:21 of 2nd period - Wrist shot by Pierre-Luc Létourneau.
13:21 of 2nd period - Deflect By Sheldon Keefe.
13:21 of 2nd period - Stopped by Jonathan Bernier without a rebound.
13:22 of 2nd period - Jordan Nolan wins face-off versus Marcel Goc in Canadiens zone.
13:27 of 2nd period - Slapshot by Sheldon Keefe.
13:27 of 2nd period - Stopped by Jonathan Bernier with a rebound.
14:27 of 2nd period - Slapshot by Evgeny Dadonov.
14:27 of 2nd period - Shot Misses the Net.
14:34 of 2nd period - Minor Penalty to Patrick Sharp for Holding.
14:35 of 2nd period - Robert Nilsson wins face-off versus Dustin Boyd in Canadiens zone.
14:35 of 2nd period - Slapshot by Henrik Zetterberg.
14:35 of 2nd period - Stopped by Jonathan Bernier without a rebound.
14:36 of 2nd period - Dustin Boyd wins face-off versus Robert Nilsson in Canadiens zone.
15:15 of 2nd period - Adam Pardy is hit by Daniel Carcillo.
15:53 of 2nd period - Snap shot by Jason Spezza.
15:53 of 2nd period - Shot Misses the Net.
16:20 of 2nd period - Slapshot by David Jones.
16:20 of 2nd period - Stopped by Jaroslav Halak without a rebound.
16:21 of 2nd period - Marcel Goc wins face-off versus Robert Nilsson in Lightning zone.
16:34 of 2nd period - Penalty to Patrick Sharp is over, Patrick Sharp is back on ice.
16:36 of 2nd period - Slapshot by Adam Pardy.
16:36 of 2nd period - Shot Blocked by John Carlson.
16:41 of 2nd period - Minor Penalty to Pierre-Luc Létourneau for Tripping.
16:42 of 2nd period - Henrik Zetterberg wins face-off versus Marcel Goc in Lightning zone.
16:42 of 2nd period - Henrik Zetterberg is hit by Evgeny Dadonov.
17:16 of 2nd period - Slapshot by Greg Stewart.
17:16 of 2nd period - Shot Hit the Post.
17:18 of 2nd period - Slapshot by Vitaly Vishnevsky.
17:18 of 2nd period - Shot Blocked by John Carlson.
17:31 of 2nd period - Off-side.
17:32 of 2nd period - Henrik Zetterberg wins face-off versus Dustin Boyd in neutral zone.
18:11 of 2nd period - Minor Penalty to Dennis Wideman for Hooking.
18:12 of 2nd period - Henrik Zetterberg wins face-off versus Evgeny Dadonov in Canadiens zone.
18:18 of 2nd period - Wrist shot by Patrick Sharp.
18:18 of 2nd period - Shot Misses the Net.
18:20 of 2nd period - Slapshot by Vitaly Vishnevsky.
18:20 of 2nd period - Deflect By Patrick Sharp.
18:20 of 2nd period - Goal by Patrick Sharp - Canadiens : 2 - Lightning : 0.
18:21 of 2nd period - Evgeny Dadonov wins face-off versus Henrik Zetterberg in neutral zone.
18:41 of 2nd period - Penalty to Pierre-Luc Létourneau is over, Pierre-Luc Létourneau is back on ice.
18:46 of 2nd period - Slapshot by Steve Bernier.
18:46 of 2nd period - Shot Misses the Net.
Goals for this period are 2 for Canadiens vs 0 for Lightning .
Shots for this period are 5 for Canadiens vs 11 for Lightning .
3rd period
0:01 of 3rd period - Robert Nilsson wins face-off versus Dustin Boyd in neutral zone.
0:11 of 3rd period - Penalty to Dennis Wideman is over, Dennis Wideman is back on ice.
1:08 of 3rd period - Dennis Wideman is hit by Robert Nilsson and loses puck.
1:51 of 3rd period - Minor Penalty to Brett Maclean for Holding.
1:52 of 3rd period - Dustin Boyd wins face-off versus Robert Nilsson in Canadiens zone.
3:18 of 3rd period - Brent Burns is hit by Luke Schenn and loses puck.
3:25 of 3rd period - Luke Schenn is hit by Jeff Schultz and loses puck.
3:51 of 3rd period - Penalty to Brett Maclean is over, Brett Maclean is back on ice.
4:07 of 3rd period - Wrist shot by Joe Pavelski.
4:07 of 3rd period - Stopped by Jaroslav Halak with a rebound.
5:29 of 3rd period - Ryan Shannon is hit by Brett Maclean and loses puck.
9:30 of 3rd period - Henrik Zetterberg is hit by Jason Spezza and loses puck.
9:55 of 3rd period - Daniel Carcillo is hit by Brett Maclean and loses puck.
11:28 of 3rd period - David Jones is hit by Pierre-Marc Bouchard and loses puck.
11:47 of 3rd period - Luke Schenn is hit by Henrik Zetterberg and loses puck.
11:58 of 3rd period - Jordan Nolan is hit by Joe Pavelski and loses puck.
12:37 of 3rd period - Icing by Greg Stewart.
12:38 of 3rd period - Jason Spezza wins face-off versus Mikael Backlund in Canadiens zone.
13:00 of 3rd period - Minor Penalty to Karl Alzner for Holding Stick.
13:01 of 3rd period - Kris Versteeg wins face-off versus Dustin Boyd in Canadiens zone.
13:04 of 3rd period - Wrist shot by Kris Versteeg.
13:04 of 3rd period - Goal by Kris Versteeg - Canadiens : 2 - Lightning : 1.
13:05 of 3rd period - Jason Spezza wins face-off versus Robert Nilsson in neutral zone.
13:25 of 3rd period - Double Minor Penalty to Luke Schenn for Roughing.
13:26 of 3rd period - Henrik Zetterberg wins face-off versus Dustin Boyd in Canadiens zone.
13:30 of 3rd period - Snap shot by Robert Nilsson.
13:30 of 3rd period - Shot Blocked by Joe Pavelski.
13:32 of 3rd period - Slapshot by Jeff Schultz.
13:32 of 3rd period - Shot Misses the Net.
13:34 of 3rd period - Slapshot by Brent Burns.
13:34 of 3rd period - Shot Misses the Net.
13:36 of 3rd period - Slapshot by Brent Burns.
13:36 of 3rd period - Stopped by Jonathan Bernier without a rebound.
13:37 of 3rd period - Robert Nilsson wins face-off versus Dustin Boyd in Canadiens zone.
13:40 of 3rd period - Snap shot by Kris Versteeg.
13:40 of 3rd period - Stopped by Jonathan Bernier with a rebound.
13:42 of 3rd period - Snap shot by Henrik Zetterberg.
13:42 of 3rd period - Shot Misses the Net.
13:52 of 3rd period - Wrist shot by Kris Versteeg.
13:52 of 3rd period - Shot Blocked by Joe Pavelski.
14:04 of 3rd period - Steve Bernier is hit by David Jones and loses puck.
14:23 of 3rd period - Adam Pardy is hit by Kris Versteeg and loses puck.
17:25 of 3rd period - Penalty to Luke Schenn is over, Luke Schenn is back on ice.
17:44 of 3rd period - Marcel Goc is hit by Mikael Backlund and loses puck.
18:56 of 3rd period - Luke Schenn is hit by Ryan Shannon and loses puck.
18:57 of 3rd period - Luke Schenn from Canadiens is injured at 18:57 of 3rd period (Right Knee).
18:58 of 3rd period - Evgeny Dadonov wins face-off versus Robert Nilsson in Canadiens zone.
19:03 of 3rd period - Dennis Wideman is hit by Brent Burns and loses puck.
19:20 of 3rd period - Snap shot by Evgeny Dadonov.
19:20 of 3rd period - Stopped by Jaroslav Halak without a rebound.
19:21 of 3rd period - Mike Babcock call a timeout for Lightning .
19:21 of 3rd period - Evgeny Dadonov wins face-off versus Robert Nilsson in Lightning zone.
19:26 of 3rd period - Wrist shot by Patrick Sharp.
19:26 of 3rd period - Stopped by Jaroslav Halak with a rebound.
19:28 of 3rd period - Snap shot by Dennis Wideman.
19:28 of 3rd period - Deflect By Patrick Sharp.
19:28 of 3rd period - Shot Misses the Net.
19:28 of 3rd period - Puck is out of play.
19:29 of 3rd period - Robert Nilsson wins face-off versus Evgeny Dadonov in Lightning zone.
19:34 of 3rd period - Lightning , Jaroslav Halak is pulled from the net.
19:36 of 3rd period - Wrist shot by Henrik Zetterberg.
19:36 of 3rd period - Stopped by Jonathan Bernier with a rebound.
19:38 of 3rd period - Minor Penalty to Joe Pavelski for Holding Stick.
19:39 of 3rd period - Dustin Boyd wins face-off versus Robert Nilsson in Canadiens zone.
19:39 of 3rd period - Dustin Boyd is hit by Robert Nilsson.
Goals for this period are 0 for Canadiens vs 1 for Lightning .
Shots for this period are 3 for Canadiens vs 4 for Lightning .
Back to the Top